 Dungeon Crawl Stone Soup version 0.29.1-1-gd02db6906a (webtiles) character file.

Game seed: 8484600940260122253

112 safid the Shooter (level 4, 0/38 HPs)
             Began as a Minotaur Hunter on Oct 21, 2022.
             Slain by an iguana (6 damage)
             ... on level 3 of the Dungeon.
             The game lasted 00:03:02 (2836 turns).

safid the Shooter (Minotaur Hunter)                 Turns: 2836, Time: 00:03:03

Health: 0/38       AC:  4    Str: 15    XL:     4   Next: 63%
Magic:  3/3        EV: 12    Int:  6    God:
Gold:   165        SH:  5    Dex: 16    Spells: 3/3 levels left

rFire   . . .      SeeInvis .   a - +0 shortbow
rCold   . . .      Faith    .   (shield currently unavailable)
rNeg    . . .      Spirit   .   c - +0 leather armour
rPois   .          Reflect  +   (helmet restricted)
rElec   .          Harm     .   (no cloak)
rCorr   .          Rampage  .   j - +0 pair of gloves
Will    .....                   (no boots)
Stlth   +.........              n - amulet of reflection
HPRegen 0.12/turn               (no ring)
MPRegen 0.08/turn               (no ring)

@: no status effects
A: horns 2, retaliatory headbutt
a: no special abilities


You were on level 3 of the Dungeon.
You visited 1 branch of the dungeon, and saw 3 of its levels.

You collected 165 gold pieces.

Inventory:

Hand Weapons
 a - a +0 shortbow (weapon)
Armour
 c - a +0 leather armour (worn)
 j - a +0 pair of gloves (worn)
Jewellery
 n - an amulet of reflection (around neck)
 o - a ring of magical power
Scrolls
 b - 3 scrolls of immolation
 e - 2 scrolls of blinking {unknown}
 f - 5 scrolls of identify {unknown}
 g - 2 scrolls of magic mapping {unknown}
 i - 2 scrolls of silence {unknown}
 m - a scroll of teleportation {unknown}
 p - a scroll of fog {unknown}
 r - a scroll of enchant armour {unknown}
Potions
 d - a potion of degeneration {unknown}
 h - a potion of mutation {unknown}
 k - a potion of resistance {unknown}
 l - a potion of ambrosia {unknown}
 q - 2 potions of curing {unknown}


   Skills:
 - Level 3.0 Fighting
 + Level 6.5 Ranged Weapons
 - Level 2.1 Dodging
 - Level 0.7 Stealth


You had 3 spell levels left.
You didn't know any spells.
Your spell library was empty.

Dungeon Overview and Level Annotations

Branches:
Dungeon (3/15)

Altars:


Innate Abilities, Weirdness & Mutations

You have a pair of horns on your head.
You reflexively headbutt those who attack you in melee.


Message History

The orc shouts!
The arrow hits the orc!
You kill the orc!
You shoot an arrow. The arrow hits the iguana.
The iguana is moderately wounded.
You shoot an arrow. The arrow hits the iguana.
The iguana is heavily wounded.
You shoot an arrow. The arrow hits the iguana.
The iguana is severely wounded.
The iguana bites you!
You shoot an arrow.
The arrow hits the iguana but does no damage.
The iguana is severely wounded.
The iguana completely misses you. The iguana barely misses you.
You shoot an arrow. The arrow barely misses the iguana.
The iguana barely misses you.
You shoot an arrow. The arrow barely misses the iguana.
The iguana bites you.
You shoot an arrow. The arrow closely misses the iguana.
The iguana bites you!
You are too injured to fight recklessly!
You are too injured to fight recklessly!
You are too injured to fight recklessly!
Fire: a) +0 shortbow
Press: ? - help, Q - select action Shift-Dir - straight line, f/p - iguana
Aim: an iguana (severely wounded, 68% to hit)
You shoot an arrow. The arrow closely misses the iguana.
The iguana bites you!
* * * LOW HITPOINT WARNING * * *
The iguana bites you but does no damage.
Fire: a) +0 shortbow
Press: ? - help, Q - select action Shift-Dir - straight line, f/p - iguana
Aim: an iguana (severely wounded, 68% to hit)
You shoot an arrow. The arrow closely misses the iguana.
You block the iguana's attack.
Unknown command.
Fire: a) +0 shortbow
Press: ? - help, Q - select action Shift-Dir - straight line, f/p - iguana
Aim: an iguana (severely wounded, 68% to hit)
You shoot an arrow. The arrow closely misses the iguana.
The iguana bites you.
You die...

... .). .. .. #. #. ##l#######
#..@.....# #...####.########
#...# #........# #...#
#..#####.# ###### #...#
#..<...#.# #....#########...#
#......#.#.# #....##...........
##.#####.#.#
#....##............###.......#.#
.......................†.)..>#.#


You could see an iguana.

Vanquished Creatures
  A gnoll (D:1)
  3 adders
  A dart slug (D:1)
  2 worms (D:2)
  An orc (D:3)
  2 ball pythons (D:2)
  4 endoplasms
  5 giant cockroaches
  A goblin (D:2)
  8 hobgoblins
  9 jackals
  6 kobolds
  A quokka (D:1)
  8 bats
  7 frilled lizards
  3 rats
62 creatures vanquished.

Vanquished Creatures (others)
  3 plants (D:1)
3 creatures vanquished.

Grand Total: 65 creatures vanquished

Notes
Turn   | Place    | Note
-------+----------+-------------------------------------------
     0 | D:1      | safid the Minotaur Hunter began the quest for the Orb.
     0 | D:1      | Reached XP level 1. HP: 18/18 MP: 0/0
    45 | D:1      | You fall into a shaft and drop 1 floor!
   161 | D:1      | Reached XP level 2. HP: 25/25 MP: 1/1
   657 | D:1      | Reached skill level 5 in Ranged Weapons
   830 | D:1      | Reached XP level 3. HP: 11/31 MP: 2/2
  1850 | D:2      | Reached XP level 4. HP: 38/38 MP: 3/3
  1853 | D:2      | Reached skill level 6 in Ranged Weapons
  2836 | D:3      | Slain by an iguana

Illustrated notes

Levels and vault maps discovered:
D:1:      eino_arrival_water_star, layout_basic, serial_bayou,
          serial_bayou_shore_b, serial_bayou_pond_c, serial_bayou_shore_b,
          serial_bayou_lagoon_a, nicolae_titane
D:2:      layout_basic, serial_rivers, chequers_serial_rivers_large_a,
          chequers_serial_rivers_large_b, chequers_serial_rivers_small_3,
          chequers_serial_rivers_micro_d, chequers_serial_rivers_micro_c,
          chequers_serial_rivers_small_3
D:3:      layout_basic, nrook_mini_vaults, grunt_decor_fettered,
          serial_bayou_pond_e, minmay_misc_feat_enclosed

Skill      XL: |  1  2  3  4 |
---------------+-------------+-----
Fighting       | 3 |  3.0
Ranged Weapons | 5 6 |  6.5
Dodging        | |  2.1
Stealth        | |  0.7

Action                   |  1- 3 |  4- 6 || total
-------------------------+-------+-------++-------
 Fire: Shortbow          |   104 |    72 ||   176
Armor: Leather armour    |    16 |     4 ||    20
Dodge: Dodged            |    29 |    14 ||    43
Block: Other             |       |     3 ||     3
